MWL
DANVILLE VETERANS @ WATERLOO HAWKS
07/26/1982
 
TOP OF THE 1ST
Danville Veterans batting - Pitching for Waterloo Hawks : RHP Paul Voigt
Pitching: RHP Paul Voigt
Batting: RHB Billy Hatcher 0-0: Foul Ball, location: 2F
0-1: Ground out 6-3 (Groundball, 56D, EV 101.9 MPH)
Batting: LHB Adrian Zepeda 0-0: Foul Ball, location: 2F
0-1: SINGLE (Groundball, 6S, EV 62.5 MPH) (infield hit)
Batting: RHB Henry Janssen 0-0: Ball
1-0: Ball
2-0: Ball
3-0: Called Strike
3-1: Base on Balls
Adrian Zepeda to second
Batting: LHB Mark Salas 0-0: Ball
1-0: Ball
2-0: Swinging Strike
2-1: Foul Ball, location: 2F
2-2: Foul Ball, location: 2F
2-2: Grounds into double play, 5-4-3 (Groundball, 5, EV 96.3 MPH)
Top of the 1st over - 0 runs, 1 hit, 0 errors, 1 left on base; Danville 0 - Waterloo 0
BOTTOM OF THE 1ST
Waterloo Hawks batting - Pitching for Danville Veterans : RHP Dave W Smith
Pitching: RHP Dave W Smith
Batting: RHB Edward Irvine 0-0: Ball
1-0: Fly out, F7 (Flyball, 7, EV 71.3 MPH)
Batting: RHB Juan Baez 0-0: Foul Ball, location: 2F
0-1: Ball
1-1: Ball
2-1: Ball
3-1: Called Strike
3-2: Fly out, F8 (Flyball, 8LM, EV 96.9 MPH)
Batting: LHB Ronald Davis 0-0: Called Strike
0-1: Foul Ball, location: 2F
0-2: Ball
1-2: Ball
2-2: Foul Ball, location: 2F
2-2: Ball
3-2: Fly out, F8 (Flyball, 8LD, EV 100.6 MPH)
Bottom of the 1st over - 0 runs, 0 hits, 0 errors, 0 left on base; Danville 0 - Waterloo 0
TOP OF THE 2ND
Danville Veterans batting - Pitching for Waterloo Hawks : RHP Paul Voigt
Batting: RHB Robert Gauci 0-0: Foul Ball, location: 2F
0-1: Ball
1-1: Ball
2-1: Foul Ball, location: 2F
2-2: Fly out, F7 (Flyball, 78M, EV 84.4 MPH)
Batting: RHB Ed Saavedra 0-0: Foul Ball, location: 2F
0-1: Ball
1-1: Swinging Strike
1-2: Foul Ball, location: 2F
1-2: Ground out 4-3 (Groundball, 4, EV 86.3 MPH)
Batting: RHB Jeff Moronko 0-0: SINGLE (Flyball, 8LS, EV 91.9 MPH)
Batting: RHB Gordon Gauntlett 0-0: Ball
1-0: Called Strike
1-1: Foul Ball, location: 2F
1-2: Ball
2-2: Foul Ball, location: 2F
2-2: Fielders Choice at 2nd, 5-4 (Groundball, 56, EV 80.0 MPH)
Top of the 2nd over - 0 runs, 1 hit, 0 errors, 1 left on base; Danville 0 - Waterloo 0
BOTTOM OF THE 2ND
Waterloo Hawks batting - Pitching for Danville Veterans : RHP Dave W Smith
Batting: RHB Carmelo Aguayo 0-0: Fly out, F4 (Popup, 4S, EV 81.3 MPH)
Batting: LHB Burk Goldthorn 0-0: Called Strike
0-1: Foul Ball, location: 2F
0-2: Ball
1-2: Foul Ball, location: 2F
1-2: Foul Ball, location: 2F
1-2: Foul Ball, location: 2F
1-2: Ball
2-2: Foul Ball, location: 2F
2-2: Ball
3-2: Foul Ball, location: 2F
3-2: Base on Balls
Batting: RHB Michael Williams 0-0: Ball
1-0: Called Strike
1-1: SINGLE (Line Drive, 89M, EV 109.4 MPH)
Burk Goldthorn to second
Batting: SHB Nelson Liriano 0-0: Ball
1-0: Fly out, F4 (Popup, 4S, EV 65.6 MPH)
Batting: RHB Mark Doran 0-0: Ball
1-0: Ball
2-0: Ball
3-0: Base on Balls
Burk Goldthorn to third
Michael Williams to second
Batting: RHB David Cusack 0-0: Fly out, F9 (Flyball, 9D, EV 93.1 MPH)
Bottom of the 2nd over - 0 runs, 1 hit, 0 errors, 3 left on base; Danville 0 - Waterloo 0
TOP OF THE 3RD
Danville Veterans batting - Pitching for Waterloo Hawks : RHP Paul Voigt
Batting: RHB Tom Hayes 0-0: Foul Ball, location: 2F
0-1: Ball
1-1: Ball
2-1: Foul Ball, location: 2F
2-2: Fly out, F9 (Flyball, 9LD, EV 95.6 MPH)
Batting: RHB Billy Hatcher 0-0: Called Strike
0-1: Ball
1-1: SINGLE (Line Drive, 78S, EV 105.0 MPH)
Batting: LHB Adrian Zepeda 0-0: Called Strike
Billy Hatcher is caught stealing 2nd base 2-6
0-1: Fly out, F8 (Flyball, 8LS, EV 74.4 MPH)
Top of the 3rd over - 0 runs, 1 hit, 0 errors, 0 left on base; Danville 0 - Waterloo 0
BOTTOM OF THE 3RD
Waterloo Hawks batting - Pitching for Danville Veterans : RHP Dave W Smith
Batting: RHB Edward Irvine 0-0: Foul Ball, location: 2F
0-1: Swinging Strike
0-2: Fly out, F9 (Line Drive, 9, EV 92.5 MPH)
Batting: RHB Juan Baez 0-0: Called Strike
0-1: Ball
1-1: Foul Ball, location: 2F
1-2: Foul Ball, location: 2F
1-2: Fly out, F3 (Popup, 3F, EV 65.0 MPH)
Batting: LHB Ronald Davis 0-0: Ball
1-0: Swinging Strike
1-1: Ball
2-1: Foul Ball, location: 2F
2-2: Foul Ball, location: 2F
2-2: SINGLE (Line Drive, 34D, EV 99.4 MPH)
Batting: RHB Carmelo Aguayo 0-0: Called Strike
0-1: Ball
1-1: Ball
2-1: Foul Ball, location: 2F
2-2: Reached on error, E4 (Groundball, 4, EV 106.3 MPH)
Ronald Davis to second
Batting: LHB Burk Goldthorn 0-0: Ball
1-0: Called Strike
1-1: Ball
2-1: Foul Ball, location: 2F
2-2: Fly out, F5 (Popup, 5S, EV 70.0 MPH)
Bottom of the 3rd over - 0 runs, 1 hit, 1 error, 2 left on base; Danville 0 - Waterloo 0
TOP OF THE 4TH
Danville Veterans batting - Pitching for Waterloo Hawks : RHP Paul Voigt
Batting: RHB Henry Janssen 0-0: Called Strike
0-1: Called Strike
0-2: Foul Ball, location: 2F
0-2: Foul Ball, location: 2F
0-2: Ground out 1-3 (Groundball, P, EV 68.1 MPH)
Batting: LHB Mark Salas 0-0: Swinging Strike
0-1: Ball
1-1: Ground out 4-3 (Groundball, 4, EV 99.4 MPH)
Batting: RHB Robert Gauci 0-0: Ball
1-0: Swinging Strike
1-1: Foul Ball, location: 2F
1-2: Ball
2-2: Ground out 4-3 (Groundball, 4, EV 83.8 MPH)
Top of the 4th over - 0 runs, 0 hits, 0 errors, 0 left on base; Danville 0 - Waterloo 0
BOTTOM OF THE 4TH
Waterloo Hawks batting - Pitching for Danville Veterans : RHP Dave W Smith
Batting: RHB Michael Williams 0-0: Ball
1-0: Ball
2-0: Ball
3-0: Base on Balls
Batting: SHB Nelson Liriano 0-0: Fielders Choice at 2nd, 5-4 (Groundball, 56, EV 80.0 MPH)
Batting: RHB Mark Doran 0-0: Foul Ball, location: 2F
0-1: Swinging Strike
0-2: Strikes out looking
Batting: RHB David Cusack 0-0: Ball
1-0: Swinging Strike
1-1: Ball
2-1: Ball
Nelson Liriano steals 2nd base
3-1: Base on Balls
Batting: RHB Edward Irvine 0-0: Ball
1-0: Foul Ball, location: 2F
1-1: SINGLE (Flyball, 9S, EV 91.3 MPH)
Nelson Liriano to third
David Cusack to second
Runner from 3rd tries for Home, SAFE, throw by RF to home
Batting: RHB Juan Baez 0-0: Ball
1-0: Called Strike
1-1: Called Strike
1-2: Foul Ball, location: 2F
1-2: Fly out, F9 (Flyball, 9LM, EV 79.4 MPH)
Bottom of the 4th over - 1 run, 1 hit, 0 errors, 2 left on base; Danville 0 - Waterloo 1
TOP OF THE 5TH
Danville Veterans batting - Pitching for Waterloo Hawks : RHP Paul Voigt
Batting: RHB Ed Saavedra 0-0: Foul Ball, location: 2F
0-1: SINGLE (Flyball, 8LS, EV 91.3 MPH)
Batting: RHB Jeff Moronko 0-0: Ball
1-0: Ball
2-0: Ball
3-0: Called Strike
3-1: Base on Balls
Ed Saavedra to second
Batting: RHB Gordon Gauntlett 0-0: Foul Ball, location: 2F
0-1: Ball
1-1: Grounds into double play, 5-4-3 (Groundball, 56, EV 100.6 MPH)
Ed Saavedra to third
Batting: RHB Tom Hayes 0-0: Called Strike
0-1: DOUBLE (Line Drive, 78M, EV 106.9 MPH)
Ed Saavedra scores
Batting: RHB Billy Hatcher 0-0: Ball
1-0: DOUBLE (Line Drive, 78XD, EV 100.6 MPH)
Tom Hayes scores
Batting: LHB Adrian Zepeda 0-0: Called Strike
0-1: Ball
1-1: 2-RUN HOME RUN (Flyball, 9D, EV 92.5 MPH), Distance : 376 ft
Batting: RHB Henry Janssen 0-0: Ball
1-0: Ball
2-0: Ball
3-0: Called Strike
3-1: Base on Balls
Batting: LHB Mark Salas 0-0: Ball
1-0: Fly out, F9 (Flyball, 9, EV 95.6 MPH)
Top of the 5th over - 4 runs, 4 hits, 0 errors, 1 left on base; Danville 4 - Waterloo 1
BOTTOM OF THE 5TH
Waterloo Hawks batting - Pitching for Danville Veterans : RHP Dave W Smith
Batting: LHB Ronald Davis 0-0: Ball
1-0: Ground out 6-3 (Groundball, 6MS, EV 90.0 MPH)
Batting: RHB Carmelo Aguayo 0-0: Called Strike
0-1: Ball
1-1: Foul Ball, location: 2F
1-2: Ground out 6-3 (Groundball, 6, EV 88.1 MPH)
Batting: LHB Burk Goldthorn 0-0: Called Strike
0-1: Ball
1-1: Ground out 4-3 (Groundball, 4, EV 99.4 MPH)
Bottom of the 5th over - 0 runs, 0 hits, 0 errors, 0 left on base; Danville 4 - Waterloo 1
TOP OF THE 6TH
Danville Veterans batting - Pitching for Waterloo Hawks : RHP Paul Voigt
Batting: RHB Robert Gauci 0-0: Swinging Strike
0-1: Foul Ball, location: 2F
0-2: Foul Ball, location: 2F
0-2: SINGLE (Groundball, 6MD, EV 96.9 MPH)
Batting: RHB Ed Saavedra 0-0: Called Strike
0-1: Fly out, F9 (Flyball, 89S, EV 90.6 MPH)
Batting: RHB Jeff Moronko 0-0: Ball
1-0: Swinging Strike
1-1: Foul Ball, location: 2F
1-2: Ball
2-2: Ball
3-2: Strikes out looking
Batting: RHB Gordon Gauntlett 0-0: SINGLE (Groundball, 56S, EV 96.3 MPH)
Robert Gauci to second
Batting: RHB Tom Hayes 0-0: Ball
1-0: Ball
2-0: Foul Ball, location: 2F
2-1: Reached via error on a dropped throw from 3B, E4 (Groundball, 56, EV 93.1 MPH)
Robert Gauci to third
Gordon Gauntlett to second
Batting: RHB Billy Hatcher 0-0: Ball
1-0: Ball
2-0: SINGLE (Groundball, 6S, EV 70.6 MPH) (infield hit)
Robert Gauci scores
Gordon Gauntlett to third
Tom Hayes to second
Batting: LHB Adrian Zepeda 0-0: Called Strike
0-1: Called Strike
0-2: Foul Ball, location: 2F
0-2: Foul Ball, location: 2F
0-2: Fly out, F7 (Flyball, 7D, EV 103.8 MPH)
Top of the 6th over - 1 run, 3 hits, 1 error, 3 left on base; Danville 5 - Waterloo 1
BOTTOM OF THE 6TH
Waterloo Hawks batting - Pitching for Danville Veterans : RHP Dave W Smith
Batting: RHB Michael Williams 0-0: Foul Ball, location: 2F
0-1: Called Strike
0-2: Foul Ball, location: 2F
0-2: Strikes out swinging
Batting: SHB Nelson Liriano 0-0: Ball
1-0: Ball
2-0: Reached on error, E5 (Groundball, 56, EV 86.3 MPH)
Batting: RHB Mark Doran 0-0: Foul Ball, location: 2F
0-1: Ball
1-1: Called Strike
1-2: Fly out, F8 (Line Drive, 8LM, EV 105.0 MPH)
Batting: RHB David Cusack 0-0: Ball
1-0: Called Strike
1-1: Fly out, F4 (Flyball, 34D, EV 67.5 MPH)
Bottom of the 6th over - 0 runs, 0 hits, 1 error, 1 left on base; Danville 5 - Waterloo 1
TOP OF THE 7TH
Danville Veterans batting - Pitching for Waterloo Hawks : RHP Paul Voigt
Batting: RHB Henry Janssen 0-0: Called Strike
0-1: Ball
1-1: Ball
2-1: Called Strike
2-2: Ball
3-2: Ground out 6-3 (Groundball, 6, EV 105.0 MPH)
Batting: LHB Mark Salas 0-0: Ball
1-0: Swinging Strike
1-1: Ball
2-1: Ball
3-1: Called Strike
3-2: Base on Balls
Batting: RHB Robert Gauci 0-0: Foul Ball, location: 2F
0-1: Called Strike
0-2: DOUBLE (Flyball, 8RXD, EV 103.8 MPH)
Mark Salas to third
Batting: RHB Ed Saavedra 0-0: Swinging Strike
0-1: Foul Ball, location: 2F
0-2: Ball
1-2: Ground out 3-1 (Groundball, 34, EV 90.0 MPH)
Mark Salas scores
Robert Gauci to third
Pitching: RHP Jesus Atilano
Batting: RHB Jeff Moronko 0-0: Called Strike
0-1: Ball
1-1: Ball
2-1: Ball
3-1: Foul Ball, location: 2F
3-2: Strikes out looking
Top of the 7th over - 1 run, 1 hit, 0 errors, 1 left on base; Danville 6 - Waterloo 1
BOTTOM OF THE 7TH
Waterloo Hawks batting - Pitching for Danville Veterans : RHP Dave W Smith
Batting: RHB Edward Irvine 0-0: Called Strike
0-1: Reached via error on a dropped throw from SS, E3 (Groundball, 6M, EV 84.4 MPH)
Batting: RHB Juan Baez 0-0: Called Strike
0-1: Called Strike
Edward Irvine steals 2nd base
0-2: Ball
1-2: Ball
2-2: Ball
3-2: Foul Ball, location: 2F
3-2: DOUBLE (Line Drive, 9LS, EV 115.6 MPH)
Edward Irvine scores
Batting: LHB Ronald Davis 0-0: Ball
1-0: Ball
2-0: Called Strike
2-1: Ball
3-1: Base on Balls
Batting: RHB Carmelo Aguayo 0-0: Called Strike
0-1: Swinging Strike
0-2: SINGLE (Groundball, 6MD, EV 94.4 MPH)
Juan Baez to third
Ronald Davis to second
Batting: LHB Burk Goldthorn 0-0: Ball
Wild Pitch!
Juan Baez scores
Ronald Davis to third
Carmelo Aguayo to second
1-0: SINGLE (Groundball, 4MD, EV 98.8 MPH)
Ronald Davis scores
Carmelo Aguayo to third
Runner from 3rd tries for Home, SAFE, throw by CF to home
Burk Goldthorn to second
Batting: RHB Michael Williams 0-0: Ball
1-0: Ball
2-0: Foul Ball, location: 2F
2-1: Ball
3-1: Base on Balls
Batting: SHB Nelson Liriano 0-0: Ball
1-0: Fielders Choice at 2nd, 1-6 (Groundball, 34S, EV 64.4 MPH)
Burk Goldthorn to third
Pinch Hitting: LHB Bruce Humphrey 0-0: Swinging Strike
0-1: Ball
1-1: Foul Ball, location: 2F
1-2: Fielders Choice at 2nd, 1-6 (Groundball, 34S, EV 70.0 MPH)
Batting: RHB David Cusack 0-0: Called Strike
0-1: Ground out U3 (Groundball, 3, EV 86.9 MPH)
Bottom of the 7th over - 4 runs, 3 hits, 1 error, 2 left on base; Danville 6 - Waterloo 5
TOP OF THE 8TH
Danville Veterans batting - Pitching for Waterloo Hawks : RHP Jesus Atilano
Now in CF: Daniel Keck
Batting: RHB Gordon Gauntlett 0-0: Ball
1-0: Swinging Strike
1-1: Swinging Strike
1-2: Foul Ball, location: 2F
1-2: Ball
2-2: Foul Ball, location: 2F
2-2: Fly out, F9 (Flyball, 9D, EV 97.5 MPH)
Batting: RHB Tom Hayes 0-0: Ball
1-0: Ball
2-0: Ball
3-0: Base on Balls
Batting: RHB Billy Hatcher 0-0: Called Strike
Tom Hayes steals 2nd base (no throw)
0-1: Ball
1-1: Foul Ball, location: 2F
1-2: Ball
2-2: Ground out 6-3 (Groundball, 6, EV 104.4 MPH)
Batting: LHB Adrian Zepeda 0-0: Ball
1-0: Ball
2-0: Ball
3-0: Base on Balls
Batting: RHB Henry Janssen 0-0: Ball
1-0: Ball
2-0: Foul Ball, location: 2F
2-1: Ball
3-1: Base on Balls
Tom Hayes to third
Adrian Zepeda to second
Batting: LHB Mark Salas 0-0: Swinging Strike
0-1: Ball
1-1: Ball
2-1: Foul Ball, location: 2F
2-2: Reached on error, E5 (Groundball, 5, EV 89.4 MPH)
Tom Hayes scores
Adrian Zepeda to third
Henry Janssen to second
Batting: RHB Robert Gauci 0-0: Ball
1-0: Ball
2-0: SINGLE (Groundball, 6MD, EV 95.6 MPH)
Adrian Zepeda scores
Henry Janssen to third
Mark Salas to second
Runner from 3rd tries for Home, SAFE, throw by CF to home
Pitching: LHP Dutch Deutsch
Batting: RHB Ed Saavedra 0-0: SINGLE (Groundball, 25, EV 70.0 MPH) (infield hit)
Mark Salas to third
Robert Gauci to second
Batting: RHB Jeff Moronko 0-0: Fly out, F7 (Line Drive, 7, EV 86.9 MPH)
Top of the 8th over - 3 runs, 2 hits, 1 error, 3 left on base; Danville 9 - Waterloo 5
BOTTOM OF THE 8TH
Waterloo Hawks batting - Pitching for Danville Veterans : RHP Dave W Smith
Batting: RHB Edward Irvine 0-0: Ball
1-0: Foul Ball, location: 2F
1-1: Ground out 6-3 (Groundball, 6, EV 90.0 MPH)
Batting: RHB Juan Baez 0-0: Ball
1-0: Foul Ball, location: 2F
1-1: Foul Ball, location: 2F
1-2: Foul Ball, location: 2F
1-2: Ball
2-2: Foul Ball, location: 2F
2-2: Ball
3-2: Ground out 1-3 (Groundball, 13S, EV 63.1 MPH)
Batting: LHB Ronald Davis 0-0: SINGLE (Groundball, 56S, EV 69.4 MPH) (infield hit)
Batting: RHB Carmelo Aguayo 0-0: Ball
1-0: Called Strike
1-1: Foul Ball, location: 2F
1-2: Foul Ball, location: 2F
1-2: Ball
2-2: Ball
3-2: Foul Ball, location: 2F
3-2: Foul Ball, location: 2F
3-2: Foul Ball, location: 2F
3-2: Base on Balls
Ronald Davis to second
Batting: LHB Burk Goldthorn 0-0: Called Strike
0-1: Foul Ball, location: 2F
0-2: Ground out 4-3 (Groundball, 34, EV 85.6 MPH)
Bottom of the 8th over - 0 runs, 1 hit, 0 errors, 2 left on base; Danville 9 - Waterloo 5
TOP OF THE 9TH
Danville Veterans batting - Pitching for Waterloo Hawks : LHP Dutch Deutsch
Batting: RHB Gordon Gauntlett 0-0: Fly out, F9 (Flyball, 9LM, EV 87.5 MPH)
Batting: RHB Tom Hayes 0-0: Called Strike
0-1: Foul Ball, location: 2F
0-2: Ball
1-2: Ball
2-2: Strikes out looking
Batting: RHB Billy Hatcher 0-0: Foul Ball, location: 2F
0-1: Fly out, F9 (Flyball, 9S, EV 86.3 MPH)
Top of the 9th over - 0 runs, 0 hits, 0 errors, 0 left on base; Danville 9 - Waterloo 5
BOTTOM OF THE 9TH
Waterloo Hawks batting - Pitching for Danville Veterans : RHP Dave W Smith
Batting: RHB Michael Williams 0-0: Ball
1-0: Foul Ball, location: 2F
1-1: Fly out, F7 (Flyball, 7LS, EV 93.1 MPH)
Batting: SHB Nelson Liriano 0-0: Called Strike
0-1: SINGLE (Groundball, 34D, EV 109.4 MPH)
Batting: RHB Daniel Keck 0-0: Ball
1-0: Called Strike
1-1: Foul Ball, location: 2F
1-2: Ball
2-2: SINGLE (Groundball, 5S, EV 70.0 MPH) (infield hit)
Nelson Liriano to second
Batting: RHB David Cusack 0-0: Called Strike
0-1: Ball
1-1: Swinging Strike
1-2: Foul Ball, location: 2F
1-2: Strikes out looking
Batting: RHB Edward Irvine 0-0: Swinging Strike
0-1: SINGLE (Groundball, 56S, EV 68.8 MPH) (infield hit)
Nelson Liriano to third
Daniel Keck to second
Batting: RHB Juan Baez 0-0: Ball
1-0: Called Strike
1-1: DOUBLE (Line Drive, 89D, EV 108.1 MPH)
Nelson Liriano scores
Daniel Keck scores
Edward Irvine to third
Pitching: LHP Donald Johnson
Pinch Hitting: RHB Daniel Jones 0-0: Ball
1-0: Called Strike
1-1: Ball
2-1: Ball
3-1: SINGLE (Line Drive, 34D, EV 105.6 MPH)
Edward Irvine scores
Juan Baez to third
Runner from 3rd tries for Home, throw by RF and OUT! 9-2
Bottom of the 9th over - 3 runs, 5 hits, 0 errors, 1 left on base; Danville 9 - Waterloo 8
Wednesday, August 19th, 2020 - OOTP Baseball 21.5 Build 76